General information
- name: BNet
- type: Ladder team game (AT/RT)
- host: Battle.net
- saver: nerf_blademast
map: Battleground
- players: 8
- length: 12:41
- speed: Fast
- version: 1.26 W3XP
- replay type: Public
» download(77 KB)
Players
team 1 (loser)
gand0lf (
blue | 28 APM | 359 actions | 12:41)
5 Priestess of the Moon
3 Trueshot Aura
2 Searing Arrows
» actions
| Build / train | 42 | |
| Enter build submenu | 15 | |
| Enter hero's abilities submenu | 5 | |
| Right click | 131 | |
| Select / deselect | 149 | |
| Use ability | 17 | |
359 total
» units
» upgrades
| Strength of the Moon | 2 | |
| Moon Armor | 2 | |
| Ultravision | 1 | |
| Improved Bows | 1 | |
6 total
» buildings
| Moon Well | 6 | |
| Altar of Elders | 1 | |
| Ancient of War | 2 | |
| Hunter's Hall | 1 | |
| Ancient of Wonders | 1 | |
| Ancient Protector | 1 | |
| Tree of Ages | 1 | |
13 total
» build order
00:48 Moon Well
00:59 Moon Well
01:09 Altar of Elders
01:46 Ancient of War
02:40 Ancient of War
02:54 Moon Well
03:10 Hunter's Hall
04:23 Moon Well
04:50 Ancient of Wonders
06:00 Moon Well
07:14 Ancient Protector
07:16 Tree of Ages
11:08 Moon Well

»
nerf_blademast (
green | 56 APM | 713 actions | 12:41)
5 Mountain King
2 Storm Bolt
3 Bash
» actions
| Assign group hotkey | 93 | |
| Basic commands | 63 | |
| Build / train | 45 | |
| Enter build submenu | 21 | |
| Enter hero's abilities submenu | 5 | |
| Right click | 225 | |
| Select / deselect | 89 | |
| Select group hotkey | 114 | |
| Use ability | 58 | |
713 total
» units
| Peasant | 11 | |
| Footman | 4 | |
| Priest | 1 | |
| Spell Breaker | 1 | |
| Knight | 4 | |
21 total
» upgrades
| Defend | 1 | |
| Masonry | 1 | |
| Swords | 1 | |
| Plating | 1 | |
| Lumber Harvesting | 1 | |
5 total
» buildings
| Altar of Kings | 1 | |
| Farm | 5 | |
| Scout Tower | 4 | |
| Barracks | 1 | |
| Arcane Tower | 2 | |
| Arcane Vault | 1 | |
| Lumber Mill | 1 | |
| Keep | 1 | |
| Blacksmith | 1 | |
| Castle | 1 | |
| Gryphon Aviary | 1 | |
| Arcane Sanctum | 1 | |
| Workshop | 1 | |
| Guard Tower | 2 | |
| Town Hall | 1 | |
24 total
» build order
00:26 Altar of Kings
00:44 Farm
01:09 Scout Tower
01:37 Barracks
02:01 Farm
02:21 Arcane Tower
02:26 Farm
02:34 Farm
02:39 Arcane Vault
03:31 Lumber Mill
04:11 Keep
05:16 Blacksmith
05:57 Farm
06:02 Scout Tower
07:09 Castle
08:02 Gryphon Aviary
08:06 Arcane Sanctum
08:09 Workshop
09:19 Guard Tower
10:02 Town Hall
10:08 Scout Tower
10:10 Scout Tower
10:43 Guard Tower
10:49 Arcane Tower
» items
| Scroll of Regeneration | 2 | |
| Lesser Clarity Potion | 1 | |
| Mechanical Critter | 2 | |
| Rod of Necromancy | 1 | |
| Dust of Appearance | 1 | |
7 total

»
bagua222 (
pink | 39 APM | 500 actions | 12:41)
4 Death Knight
2 Death Coil
2 Unholy Aura
» actions
| Assign group hotkey | 20 | |
| Build / train | 30 | |
| Enter build submenu | 14 | |
| Enter hero's abilities submenu | 4 | |
| Right click | 140 | |
| Select / deselect | 95 | |
| Select group hotkey | 171 | |
| Use ability | 26 | |
500 total
» units
| Acolyte | 4 | |
| Ghoul | 3 | |
| Crypt Fiend | 2 | |
| Forest Troll Berserker | 1 | |
| Forest Troll Shadow Priest | 1 | |
| Frost Wyrm | 1 | |
12 total
» upgrades
| Creature Attack | 2 | |
| Creature Carapace | 2 | |
| Web | 1 | |
| Freezing Breath | 1 | |
6 total
» buildings
| Ziggurat | 4 | |
| Altar of Darkness | 1 | |
| Crypt | 2 | |
| Nerubian Tower | 2 | |
| Tomb of Relics | 1 | |
| Graveyard | 1 | |
| Halls of the Dead | 1 | |
| Black Citadel | 1 | |
| Sacrificial Pit | 1 | |
| Boneyard | 2 | |
16 total
» build order
00:15 Ziggurat
00:24 Altar of Darkness
00:32 Crypt
01:11 Crypt
01:23 Nerubian Tower
01:50 Ziggurat
02:32 Tomb of Relics
03:08 Nerubian Tower
03:29 Graveyard
05:09 Halls of the Dead
06:00 Ziggurat
07:47 Black Citadel
07:54 Sacrificial Pit
08:18 Ziggurat
10:12 Boneyard
10:13 Boneyard
» items
| Dust of Appearance | 1 | |
| Rod of Necromancy | 2 | |
3 total
fdb (
yellow | 25 APM | 322 actions | 12:41)
4 Paladin
2 Holy Light
2 Divine Shield
» actions
| Basic commands | 40 | |
| Build / train | 34 | |
| Enter build submenu | 9 | |
| Enter hero's abilities submenu | 4 | |
| Right click | 133 | |
| Select / deselect | 72 | |
| Use ability | 30 | |
322 total
» units
| Footman | 7 | |
| Peasant | 8 | |
| Forest Troll Shadow Priest | 1 | |
| Rifleman | 11 | |
27 total
» upgrades
» buildings
| Altar of Kings | 1 | |
| Barracks | 2 | |
| Farm | 9 | |
| Blacksmith | 1 | |
| Keep | 1 | |
| Lumber Mill | 1 | |
15 total
» build order
01:27 Altar of Kings
01:31 Barracks
01:39 Farm
01:41 Farm
06:02 Blacksmith
06:11 Barracks
06:37 Farm
06:38 Farm
06:38 Farm
08:16 Keep
08:23 Lumber Mill
10:15 Farm
10:15 Farm
10:15 Farm
10:16 Farm
team 2 (winner)
Olaf_The_Stout (
red | 61 APM | 750 actions | 12:22)
3 Pandaren Brewmaster
2 Breath of Fire
1 Drunken Haze
1 Archmage
1 Summon Water Elemental
» actions
| Assign group hotkey | 24 | |
| Basic commands | 27 | |
| Build / train | 42 | |
| Enter build submenu | 22 | |
| Enter hero's abilities submenu | 5 | |
| Give item / drop item | 2 | |
| Remove unit from queue | 1 | |
| Right click | 226 | |
| Select / deselect | 238 | |
| Select group hotkey | 114 | |
| Use ability | 49 | |
750 total
» units
» upgrades
| Masonry | 2 | |
| Lumber Harvesting | 1 | |
3 total
» buildings
| Altar of Kings | 1 | |
| Barracks | 1 | |
| Farm | 8 | |
| Scout Tower | 7 | |
| Arcane Tower | 1 | |
| Lumber Mill | 1 | |
| Guard Tower | 8 | |
| Keep | 1 | |
| Blacksmith | 1 | |
| Arcane Vault | 1 | |
| Castle | 1 | |
| Workshop | 1 | |
32 total
» build order
00:05 Altar of Kings
00:08 Barracks
00:11 Farm
01:51 Farm
02:22 Farm
02:25 Farm
03:11 Scout Tower
03:12 Scout Tower
03:14 Scout Tower
03:47 Arcane Tower
03:54 Lumber Mill
04:26 Scout Tower
04:27 Scout Tower
04:58 Guard Tower
04:58 Guard Tower
04:59 Scout Tower
05:22 Guard Tower
05:32 Guard Tower
05:33 Guard Tower
06:28 Guard Tower
06:45 Keep
07:01 Farm
07:02 Farm
07:19 Scout Tower
07:54 Guard Tower
08:39 Farm
08:39 Farm
09:45 Blacksmith
09:59 Arcane Vault
10:27 Castle
12:08 Workshop
» items
| Boots of Speed | 1 | |
| Potion of Lesser Invulnerability | 1 | |
| Potion of Healing | 3 | |
5 total
xXHadesXx (
purple | 47 APM | 598 actions | 12:41)
2 Death Knight
1 Death Coil
1 Unholy Aura
1 Crypt Lord
1 Spiked Carapace
» actions
| Assign group hotkey | 9 | |
| Basic commands | 47 | |
| Build / train | 41 | |
| Enter build submenu | 22 | |
| Enter hero's abilities submenu | 3 | |
| Remove unit from queue | 1 | |
| Right click | 130 | |
| Select / deselect | 249 | |
| Select group hotkey | 66 | |
| Use ability | 30 | |
598 total
» units
| Acolyte | 6 | |
| Ghoul | 8 | |
| Obsidian Statue | 2 | |
| Frost Wyrm | 2 | |
18 total
» upgrades
| Creature Attack | 2 | |
| Creature Carapace | 2 | |
| Freezing Breath | 1 | |
5 total
» buildings
| Altar of Darkness | 2 | |
| Ziggurat | 8 | |
| Crypt | 1 | |
| Graveyard | 1 | |
| Halls of the Dead | 4 | |
| Sacrificial Pit | 1 | |
| Black Citadel | 1 | |
| Slaughterhouse | 1 | |
| Tomb of Relics | 1 | |
| Boneyard | 3 | |
23 total
» build order
00:07 Altar of Darkness
00:09 Ziggurat
00:15 Ziggurat
00:20 Altar of Darkness
00:25 Crypt
02:20 Graveyard
02:31 Ziggurat
02:38 Ziggurat
02:58 Ziggurat
03:00 Ziggurat
03:23 Halls of the Dead
03:23 Halls of the Dead
03:23 Halls of the Dead
05:01 Ziggurat
06:01 Sacrificial Pit
06:18 Black Citadel
07:14 Slaughterhouse
07:25 Ziggurat
08:30 Tomb of Relics
08:42 Boneyard
08:44 Boneyard
08:56 Boneyard
KarmicRebirth (
orange | 36 APM | 460 actions | 12:41)
2 Blademaster
1 Wind Walk
1 Critical Strike
» actions
| Assign group hotkey | 10 | |
| Basic commands | 47 | |
| Build / train | 37 | |
| ESC pressed | 1 | |
| Enter build submenu | 24 | |
| Enter hero's abilities submenu | 2 | |
| Right click | 78 | |
| Select / deselect | 177 | |
| Select group hotkey | 45 | |
| Use ability | 39 | |
460 total
» units
| Peon | 13 | |
| Grunt | 5 | |
| Troll Headhunter/Berserker | 3 | |
| Spirit Walker | 2 | |
23 total
» upgrades
| Armor | 1 | |
| Melee Weapons | 1 | |
| Pillage | 1 | |
| Spiked Barricades | 1 | |
| Spirit Walker Training | 1 | |
| Shaman Training | 1 | |
| Ensnare | 1 | |
| Berserker Strength | 1 | |
8 total
» buildings
| Altar of Storms | 1 | |
| Orc Burrow | 6 | |
| Barracks | 2 | |
| War Mill | 2 | |
| Voodoo Lounge | 1 | |
| Stronghold | 1 | |
| Beastiary | 1 | |
| Spirit Lodge | 2 | |
| Watch Tower | 1 | |
17 total
» build order
00:08 Altar of Storms
00:13 Orc Burrow
00:30 Barracks
01:35 Orc Burrow
02:05 War Mill
03:05 Orc Burrow
03:14 Voodoo Lounge
04:05 Stronghold
05:52 Barracks
06:50 Beastiary
06:53 Spirit Lodge
07:08 War Mill
07:28 Spirit Lodge
08:57 Orc Burrow
09:02 Orc Burrow
10:13 Orc Burrow
11:11 Watch Tower
» items
| Healing Salve | 1 | |
| Lesser Clarity Potion | 1 | |
2 total

»
burnout777 (
teal | 41 APM | 514 actions | 12:41)
3 Demon Hunter
2 Evasion
1 Immolation
» actions
| Basic commands | 15 | |
| Build / train | 49 | |
| Enter build submenu | 23 | |
| Enter hero's abilities submenu | 3 | |
| Right click | 293 | |
| Select / deselect | 89 | |
| Use ability | 42 | |
514 total
» units
| Wisp | 26 | |
| Hippogryph | 9 | |
| Chimaera | 4 | |
39 total
» upgrades
| Strength of the Wild | 1 | |
| Reinforced Hides | 1 | |
| Nature's Blessing | 1 | |
3 total
» buildings
| Altar of Elders | 1 | |
| Moon Well | 7 | |
| Hunter's Hall | 1 | |
| Ancient of Wonders | 1 | |
| Tree of Ages | 1 | |
| Ancient Protector | 9 | |
| Ancient of Wind | 1 | |
| Tree of Eternity | 1 | |
| Chimaera Roost | 2 | |
24 total
» build order
00:23 Altar of Elders
00:40 Moon Well
01:56 Hunter's Hall
02:05 Moon Well
02:31 Ancient of Wonders
03:06 Moon Well
03:59 Tree of Ages
04:03 Ancient Protector
04:11 Ancient Protector
05:19 Ancient Protector
06:18 Ancient Protector
06:24 Ancient of Wind
06:28 Moon Well
06:39 Moon Well
06:41 Moon Well
07:23 Ancient Protector
07:46 Tree of Eternity
08:48 Moon Well
10:21 Chimaera Roost
10:26 Chimaera Roost
10:31 Ancient Protector
10:35 Ancient Protector
10:39 Ancient Protector
10:41 Ancient Protector
» items
Chat log
(00:25 / All) Olaf_The_Stout: Yeah but friends is funner than both of those :P
(00:32 / All) nerf_blademast: in some ways
(00:34 / Allies) bagua222: say
(00:39 / Allies) bagua222: stay
(01:05 / Allies) bagua222: rsuh
(01:26 / Allies) nerf_blademast: Ghetto: Busy with a couple of things right now, sorry.Ghetto: Watching SC2 with my brother!!!
(01:31 / All) nerf_blademast: Ghetto: Busy with a couple of things right now, sorry.Ghetto: Watching SC2 with my brother!!!
(01:45 / All) burnout777: good job
(01:47 / All) Olaf_The_Stout: lol
(02:07 / All) bagua222: lol red
(02:09 / All) gand0lf: ty for exp red
(02:15 / All) Olaf_The_Stout: lol
(02:43 / All) nerf_blademast: HOW DO I SHOT RED
(03:29 / All) Olaf_The_Stout: How ya liking that "free xp" blue?
(03:47 / All) gand0lf: how you liking your waste of gold
(03:53 / All) nerf_blademast: how did blue paint his farm red?
(03:55 / All) Olaf_The_Stout: LOL
(05:02 / All) Olaf_The_Stout: dman
(05:03 / All) fdb: ouch
(08:33 / All) Olaf_The_Stout: good for them
(12:16 / All) Olaf_The_Stout: k
(12:17 / All) Olaf_The_Stout: good one
(12:38 / All) bagua222: gg